 Dungeon Crawl Stone Soup version 0.27.1-16-g815e20cd7a (webtiles) character file.

Game seed: 3103487268634365215

27 Descartes the Sneak (level 2, -1/15 HPs)
             Began as a Felid Wanderer on Nov 22, 2021.
             Slain by a worm (9 damage)
             ... on level 2 of the Dungeon.
             The game lasted 00:02:27 (1470 turns).

Descartes the Sneak (Felid Wanderer)                Turns: 1470, Time: 00:02:28

Health: -1/15      AC:  1    Str: 10    XL:     2   Next: 93%
Magic:  3/3        EV: 16    Int: 12    God:
Gold:   35         SH:  0    Dex: 14    Spells: 1/1 levels left
                                        Lives:  0   Deaths: 0

rFire    . . .     SeeInvis +     - Unarmed
rCold    . . .     Faith    .   (shield unavailable)
rNeg     . . .     Spirit   .   (armour unavailable)
rPois    .         Reflect  .   (helmet unavailable)
rElec    .         Harm     .   (cloak unavailable)
rCorr    .         Rampage  .   (gloves unavailable)
Will     .....                  (boots unavailable)
Stlth    +++.......             (no amulet)
HPRegen  0.05/turn              (no ring)
MPRegen  0.08/turn              (no ring)

@: quick
A: very small, claws 1, fangs 3, see invisible, speed 1, shaggy fur 1, stealthy
paws, no weapons or thrown items, no armour, multi-lived
a: no special abilities


You were on level 2 of the Dungeon.
You visited 1 branch of the dungeon, and saw 2 of its levels.

You collected 35 gold pieces.

Inventory:

Missiles
 f - 28 stones
Scrolls
 a - a scroll of blinking
 b - 2 scrolls of teleportation
 c - a scroll of noise {unknown}
 e - a scroll of vulnerability {unknown}
Potions
 d - a potion of haste {unknown}
 g - a potion of mutation {unknown}


   Skills:
 - Level 4.0 Fighting
 + Level 2.0 Dodging
 - Level 7.0 Stealth
 + Level 1.8 Unarmed Combat


You had one spell level left.
You didn't know any spells.
Your spell library contained the following spells:

 Spells                   Type           Power      Damage    Failure   Level
 Summon Small Mammal      Summ           0%         N/A       32%         1
 Call Canine Familiar     Summ           0%         N/A       69%         3
 Summon Guardian Golem    Hex/Summ       0%         N/A       69%         3


Dungeon Overview and Level Annotations

Branches:
Dungeon (2/15)

Altars:


Innate Abilities, Weirdness & Mutations

You have sharp claws.
You have razor-sharp teeth.
You have supernaturally acute eyesight. (SInv)
You cover ground quickly. (Speed+)
You are covered in fur. (AC +1)
Your paws help you pounce on unaware monsters.
You are incapable of wielding weapons or throwing items.
You cannot wear armour.
You gain extra lives every three experience levels.


Message History

No target in view!
No target in view!
No target in view!
No target in view!
No target in view!
No target in view!
No target in view!
No target in view!
No target in view!
No target in view!
No target in view!
No target in view!
No target in view!
The helpless hobgoblin fails to defend itself.
You claw the hobgoblin!
You kill the hobgoblin!
Your Dodging skill increases to level 2!
No target in view!
No target in view!
A frilled lizard comes into view.
A worm comes into view.
A quokka comes into view.
Found 4 silver boomerangs.
The helpless quokka fails to defend itself.
You claw the quokka!
You kill the quokka!
The worm bites you!
The frilled lizard hisses angrily.
You scratch the worm.
The worm is lightly wounded.
The frilled lizard misses you.
You scratch the worm.
The worm is moderately wounded.
The worm closely misses you.
The frilled lizard completely misses you.
You claw the worm!
The worm is severely wounded.
The worm bites you!
Ouch! That really hurt!
You die...

#. #. ### .⌠ ..
##. ..
(.###.####
...###.#.#.....
#....†lw..#
#@..# ##.## #
#.# #. ###.#####
#.###.#...#$####
#....#8#.#8#...
#.#...#...#..###
#.#.#...#...#...
#..#8#.#8#.#8#.#


You could see a worm and a frilled lizard.

Vanquished Creatures
  A dart slug (D:1)
  3 bats
  2 endoplasms (D:1)
  A giant cockroach (D:1)
  2 goblins (D:1)
  3 hobgoblins
  A kobold (D:1)
  3 quokkas
  A ball python (D:1)
  6 rats
23 creatures vanquished.

Notes
Turn   | Place    | Note
-------+----------+-------------------------------------------
     0 | D:1      | Descartes the Felid Wanderer began the quest for the Orb.
     0 | D:1      | Descartes set off with the following items: a scroll of
                  | blinking, 2 scrolls of teleportation
     0 | D:1      | Reached XP level 1. HP: 11/11 MP: 2/2
   264 | D:1      | Reached skill level 1 in Dodging
   343 | D:1      | Reached XP level 2. HP: 15/15 MP: 3/3
   415 | D:1      | Found a faded altar of an unknown god.
  1015 | D:1      | Reached skill level 7 in Stealth
  1470 | D:2      | Slain by a worm

Illustrated notes

Levels and vault maps discovered:
D:1:      amcnicky_arrival_underground_garden, layout_basic,
          shapermc_ecumenical_altar_starsandcircs, minmay_misc_feat_rows
D:2:      layout_loops_ring, kennysheep_doodads, chequers_serial_rivers_micro_d,
          st_stairs_12, nrook_mini_backslash, minmay_heptomino_h4

Skill      XL: |  1  2 |
---------------+-------+-----
Dodging        | 1 2 |  2.0
Stealth        | 7 |  7.0
Fighting       | |  4.0
Unarmed Combat | |  1.8

Action                   || total
-------------------------++-------
Melee: Unarmed           ||    54
       Bite              ||     3
 Stab: Sleeping          ||     8
Armor: Skin              ||     1
Dodge: Dodged            ||    30
